 Dungeon Crawl Stone Soup version 0.25-a0-578-gc91f01c39c (webtiles) character file.

Game seed: 17210626848313261867, levelgen mode: deterministic

4760 Impoz the Thaumaturge (level 10, -2/81 HPs)
             Began as a Green Draconian Wizard on Mar 7, 2020.
             Was a Follower of Vehumet.
             Slain by a spiny frog (24 damage)
             ... on level 1 of the Lair of Beasts.
             The game lasted 01:28:13 (13309 turns).

Impoz the Thaumaturge (Green Draconian Wizard)     Turns: 13309, Time: 01:28:14

Health: -2/81      AC: 10    Str:  9    XL:     10   Next: 23%
Magic:  1/32       EV: 12    Int: 22    God:    Vehumet [*.....]
Gold:   431        SH:  0    Dex: 10    Spells: 1/28 levels left

rFire    . . .     SeeInvis .   I - staff of wizardry
rCold    . . .     Gourm    .   (no shield)
rNeg     . . .     Faith    .   (armour unavailable)
rPois    +         Spirit   .   a - +0 hat
rElec    .         Reflect  .   D - +0 cloak (curse)
rCorr    .         Harm     .   F - +0 pair of gloves
MR       +....                  m - +0 pair of boots
Stlth    ++........             (no amulet)
HPRegen  0.23/turn              n - ring of protection from magic
MPRegen  0.23/turn              w - ring of magical power

@: about to teleport
A: breathe noxious fumes, unfitting armour, poison resistance, cold-blooded, AC
+7
a: Breathe Noxious Fumes, Renounce Religion


You were on level 1 of the Lair of Beasts.
You worshipped Vehumet.
Vehumet was aware of your devotion.
You were hungry.

You visited 3 branches of the dungeon, and saw 12 of its levels.

You collected 563 gold pieces.
You spent 132 gold pieces at shops.

Inventory:

Hand Weapons
 f - a +0 dagger
 o - a +0 whip
 r - a +0 falchion
 A - a +0 dagger of holy wrath
 B - a +0 dagger of freezing
Missiles
 d - 33 poisoned darts (quivered)
 e - 76 arrows
 g - 11 javelins
 C - 6 boomerangs
Armour
 a - a +0 hat (worn)
 m - a +0 pair of boots (worn)
 D - a cursed +0 cloak (worn)
 F - a +0 pair of gloves (worn)
Magical Staves
 I - an uncursed staff of wizardry (weapon)
 N - an uncursed staff of energy
Jewellery
 n - a ring of protection from magic (left hand)
 p - an uncursed ring of protection from cold
 w - a ring of magical power (right hand)
 Q - an uncursed ring of positive energy
Wands
 K - a wand of digging (7)
 P - a wand of iceblast (6)
Scrolls
 j - 4 scrolls of identify
 k - a scroll of magic mapping
 l - 6 scrolls of teleportation
 q - a scroll of amnesia {unknown}
 x - 3 scrolls of blinking {unknown}
 y - 5 scrolls of remove curse
 G - 2 scrolls of enchant armour {unknown}
 J - a scroll of fog {unknown}
 M - a scroll of fear {unknown}
 O - a scroll of immolation {unknown}
Potions
 h - a potion of stabbing {unknown}
 i - a potion of berserk rage {unknown}
 s - 4 potions of curing
 t - 3 potions of flight {unknown}
 u - 3 potions of degeneration {unknown}
 v - 2 potions of ambrosia
 z - a potion of lignification {unknown}
 E - a potion of mutation
 H - 2 potions of haste {unknown}
 L - a potion of brilliance {unknown}
 R - a potion of magic {unknown}
 S - a potion of might {unknown}
Comestibles
 c - 18 rations


   Skills:
 + Level 5.2 Fighting
 - Level 5.2 Staves
 - Level 2.0 Dodging
 - Level 2.0 Stealth
 * Level 9.7 Spellcasting
 + Level 8.0 Conjurations
 - Level 1.0 Summonings
 - Level 1.0 Translocations
 + Level 0.7 Earth Magic
 * Level 2.2 Poison Magic


You had one spell level left.
You knew the following spells:

 Your Spells              Type           Power        Failure   Level  Hunger
a - Magic Dart            Conj           ####         1%          1    None
b - Blink                 Tloc           N/A          2%          2    None
c - Call Imp              Summ           ###.....     2%          2    None
d - Conjure Flame         Conj/Fire      ####....     1%          3    None
e - Mephitic Cloud        Conj/Pois/Air  ####....     1%          3    None
f - Foxfire               Conj/Fire      ####         1%          1    None
g - Poisonous Vapours     Pois/Air       ###...       2%          2    None
h - Ignite Poison         Fire/Tmut/Pois ##......     6%          3    None
i - Olgreb's Toxic Radia  Pois           ###.....     10%         4    ##.....
j - Iron Shot             Conj/Erth      ####......   50%         6    ######.

Your spell library contained the following spells:

 Spells                   Type           Power        Failure   Level  Hunger
 Sting                    Tmut/Pois      ###.         1%          1    None
 Slow                     Hex            ##......     4%          2    None
 Iskenderun's Battlesphe  Conj/Chrm      ####....     13%         5    ####...
 Bolt of Magma            Conj/Fire/Erth ###.......   21%         5    ####...
 Orb of Destruction       Conj           #####.....   56%         7    #######
 Spellforged Servitor     Conj/Summ      ####......   96%         7    #######


Dungeon Overview and Level Annotations

Branches:
Dungeon (10/15)            Temple (1/1) D:5            Lair (1/6) D:9
    Orc: D:9-12

Altars:
Ashenzari
Cheibriados
Dithmenos
Elyvilon
Fedhas
Gozag
Hepliaklqana
Kikubaaqudgha
Makhleb
Nemelex Xobeh
Okawaru
Qazlal
Ru
Sif Muna
Trog
Uskayaw
Vehumet
Wu Jian
Xom
Yredelemnul
Zin
The Shining One

Shops:
D:4 !


Innate Abilities, Weirdness & Mutations

You can breathe blasts of noxious fumes.
Your lurid green scales are hard. (AC +7)
You cannot fit into any form of body armour.
Your system is resistant to poisons. (rPois)
You are cold-blooded and may be slowed by cold attacks.


Message History

Okay, then.
You feel better. The spiny frog stings you!!
* * * LOW HITPOINT WARNING * * *
Your iron imp hits the spiny frog!
Your crimson imp blinks!
Press: ? - help, v - describe, . - travel
Here: a spiny frog (moderately wounded)
The floor, spattered with blood.
You feel much better. The spiny frog stings you!!
* * * LOW HITPOINT WARNING * * *
Your iron imp closely misses the spiny frog.
You feel much better.
Your crimson imp barely misses the spiny frog.
The spiny frog stings you.
* * * LOW HITPOINT WARNING * * *
As you read the scroll of teleportation, it crumbles to dust.
You feel strangely unstable.
Your crimson imp hits the spiny frog but does no damage.
The spiny frog stings you!!
You die...

⌠.. ....... .......
..# ..⌠.... .......
..# .....# .......
..# .....
.......##+#.###....
..........#.#..#
#.......##.#..#.....#
#.55..$#....##....#
#.@F........##....#
#......#†...##.....
#...........##.>...
#.....####.###....#
#.....5#.#.###....#
#.?...........<....
....................
##.P#.######.#######
###


You could see a spiny frog, a friendly iron imp and 2 friendly crimson imps.

Vanquished Creatures
  Erolcha (D:10)
  A hippogriff (Lair:1)
  A hungry ghost (D:10)
  2 porcupines (Lair:1)
  A water moccasin (D:10)
  An orc warrior (D:10)
  A phantom (D:9)
  2 ice beasts
  2 sky beasts
  3 ogres
  A crocodile (D:9)
  2 centaurs
  A big kobold (D:8)
  2 bullfrogs
  A scorpion (D:5)
  14 killer bees
  A water moccasin skeleton (D:6)
  A howler monkey (D:10)
  4 crimson imps
  2 centaur zombies
  A jelly (D:5)
  8 orc priests
  2 centaur skeletons
  4 hounds
  Jessica (D:3)
  2 iguanas
  7 orc wizards
  6 worker ants
  A hound zombie (D:7)
  A hound skeleton (D:3)
  Robin (D:2)
  6 gnolls
  A howler monkey skeleton (D:7)
  8 adders
  3 shadow imps
  2 oozes
  A dart slug (D:1)
  5 leopard geckos
  34 orcs
  4 ball pythons
  6 giant cockroaches
  11 goblins
  10 hobgoblins
  8 jackals
  6 quokkas
  8 bats
  3 frilled lizards
  12 kobolds
  A leopard gecko zombie (D:5)
  2 quokka skeletons
  6 rats
215 creatures vanquished.

Vanquished Creatures (collateral kills)
  A hornet (D:8)
  An orc warrior (D:6)
  A killer bee (D:8)
3 creatures vanquished.

Vanquished Creatures (others)
  4 foxfires
4 creatures vanquished.

Grand Total: 222 creatures vanquished

Notes
Turn   | Place    | Note
-------+----------+-------------------------------------------
     0 | D:1      | Impoz the Draconian Wizard began the quest for the Orb.
     0 | D:1      | Reached XP level 1. HP: 14/14 MP: 4/4
   332 | D:1      | Reached skill level 2 in Stealth
   332 | D:1      | Reached XP level 2. HP: 22/22 MP: 3/6
   348 | D:1      | Learned a level 2 spell: Blink
   351 | D:1      | Learned a level 2 spell: Call Imp
   474 | D:1      | Reached skill level 2 in Dodging
   523 | D:1      | Reached skill level 1 in Fighting
  1101 | D:1      | Reached XP level 3. HP: 28/28 MP: 2/7
  1484 | D:2      | Learned a level 3 spell: Conjure Flame
  1504 | D:2      | Found a glowing golden altar of the Shining One.
  1574 | D:2      | Noticed Robin
  2172 | D:3      | Noticed Jessica
  2190 | D:3      | Killed Jessica
  2190 | D:3      | Reached skill level 2 in Fighting
  2190 | D:3      | Reached skill level 2 in Conjurations
  2190 | D:3      | Reached XP level 4. HP: 26/36 MP: 0/9
  2758 | D:3      | Found a hazy altar of Hepliaklqana.
  2944 | D:2      | Killed Robin
  2944 | D:2      | Reached XP level 5. HP: 19/42 MP: 1/10
  3543 | D:3      | Reached skill level 3 in Fighting
  3582 | D:3      | Learned a level 3 spell: Mephitic Cloud
  4021 | D:4      | Reached skill level 4 in Spellcasting
  4021 | D:4      | Reached skill level 3 in Conjurations
  4256 | D:4      | Reached XP level 6. HP: 33/51 MP: 9/12
  4481 | D:4      | Found a sacrificial altar of Ru.
  4551 | D:4      | Found an ornate altar of the Wu Jian Council.
  4832 | D:4      | Reached skill level 4 in Fighting
  5055 | D:4      | Reached skill level 4 in Conjurations
  5307 | D:4      | Found Coxu's Distillery.
  5311 | D:4      | Bought a potion of curing for 36 gold pieces
  5311 | D:4      | Bought a potion of mutation for 96 gold pieces
  5492 | D:5      | Entered Level 5 of the Dungeon
  5666 | D:5      | Your scales start taking on a lurid green colour.
  5666 | D:5      | Reached XP level 7. HP: 60/60 MP: 12/14
  5666 | D:5      | Gained mutation: Your system is resistant to poisons.
                  | (rPois) [Green Draconian growth]
  5674 | D:5      | Reached skill level 5 in Spellcasting
  5803 | D:5      | Found a staircase to the Ecumenical Temple.
  5937 | D:5      | Reached skill level 5 in Fighting
  6152 | D:5      | Reached skill level 5 in Conjurations
  6162 | Temple   | Entered the Ecumenical Temple
  6616 | D:5      | Found a snail-covered altar of Cheibriados.
  7404 | D:6      | Reached XP level 8. HP: 68/68 MP: 14/16
  7487 | D:6      | Reached skill level 6 in Spellcasting
  7899 | D:6      | Found a radiant altar of Vehumet.
  8406 | D:7      | Reached skill level 1 in Staves
  8410 | D:7      | Found a shattered altar of Ashenzari.
  8454 | D:7      | Found a shimmering blue altar of Sif Muna.
  8738 | D:6      | Became a worshipper of Vehumet
  9109 | D:7      | Found a radiant altar of Vehumet.
  9322 | D:7      | Reached skill level 6 in Conjurations
  9437 | D:7      | Reached skill level 2 in Staves
  9437 | D:7      | Reached skill level 7 in Spellcasting
  9438 | D:7      | Found a bloodstained altar of Trog.
 10078 | D:8      | Found an iron altar of Okawaru.
 10279 | D:8      | Reached skill level 3 in Staves
 10279 | D:8      | Reached XP level 9. HP: 74/74 MP: 17/20
 10394 | D:8      | Found a stormy altar of Qazlal.
 10471 | D:8      | Found a hide-covered altar of Uskayaw.
 10715 | D:8      | Reached skill level 8 in Spellcasting
 11064 | D:9      | Found a staircase to the Lair.
 11269 | D:9      | Reached skill level 7 in Conjurations
 11372 | D:9      | Reached * piety under Vehumet
 11372 | D:9      | Offered knowledge of Foxfire by Vehumet.
 11375 | D:9      | Learned a level 1 spell: Foxfire
 11400 | D:9      | Reached skill level 4 in Staves
 11665 | D:10     | Entered Level 10 of the Dungeon
 11964 | D:10     | Reached skill level 9 in Spellcasting
 12210 | D:10     | Noticed Erolcha
 12251 | D:10     | Killed Erolcha
 12251 | D:10     | Reached skill level 5 in Staves
 12251 | D:10     | Reached XP level 10. HP: 81/81 MP: 6/23
 12674 | D:10     | Learned a level 2 spell: Poisonous Vapours
 12678 | D:10     | Learned a level 3 spell: Ignite Poison
 12683 | D:10     | Learned a level 4 spell: Olgreb's Toxic Radiance
 12758 | D:10     | Reached skill level 1 in Poison Magic
 13156 | D:10     | Learned a level 6 spell: Iron Shot
 13253 | Lair:1   | Entered Level 1 of the Lair of Beasts
 13268 | Lair:1   | Noticed a spiny frog
 13284 | Lair:1   | Reached skill level 8 in Conjurations
 13288 | Lair:1   | Reached skill level 2 in Poison Magic
 13307 | Lair:1   | HP: 8/81 [spiny frog (19)]
 13309 | Lair:1   | Slain by a spiny frog

Levels and vault maps discovered:
D:1:      dpeg_arrival_tiny_a, layout_basic, minmay_misc_feat_columns,
          chequers_serial_rivers_small_3, minmay_split_cup_small
D:2:      layout_rooms, lemuel_crystal_altar, uniq_robin
D:3:      layout_loops_ring, overflow_temple_1_default,
          hangedman_decor_opposing, uniq_jessica
D:4:      layout_loops_ring, lemuel_coloured_pillars_altar, serial_shops,
          nicolae_shop_stone, nicolae_ru_path_of_blood
D:5:      layout_basic, kennysheep_mini, temple_statues, first_ration
D:6:      layout_basic, nicolae_overflow_hidden_temple, minivault_27,
          lemuel_another_geyser
D:7:      layout_loops_ring, marbit_many_paths, nicolae_overflow_crystal_walls,
          ashenzari_altar_1, basic_altar
D:8:      layout_cave_pods, lemuel_doored_altar, kennysheep_mini_moat,
          nicolae_qazlal_general_emergency
D:9:      layout_rooms, lair_entry_dummy
D:10:     layout_roguey, uniq_erolcha
Temple:   dpeg_chambers_temple
Lair:1:   layout_regular_city, grunt_megastairs_3, lemuel_fruit_fields,
          serial_bayou_shore_a, serial_bayou_shore_b, lemuel_fruit_fields,
          minmay_lair_oklob_chamber

Skill      XL: |  1  2  3  4  5  6  7  8  9 10 |
---------------+-------------------------------+-----
Stealth        | 2 |  2.0
Dodging        | 2 |  2.0
Fighting       | 1 2 3 4 5 |  5.2
Conjurations   | 2 3 4 5 6 7 8 |  8.0
Spellcasting   | 4 5 7 9 |  9.7
Staves         | 3 5 |  5.2
Poison Magic   | 2 |  2.2
Summonings     | |  1.0
Translocations | |  1.0
Earth Magic    | |  0.7

Action                   |  1- 3 |  4- 6 |  7- 9 | 10-12 || total
-------------------------+-------+-------+-------+-------++-------
Melee: Unarmed           |    88 |    20 |       |       ||   108
       Tailslap          |     7 |     5 |     2 |       ||    14
       Whip              |       |    55 |       |       ||    55
       Dagger            |       |     6 |    24 |       ||    30
       Staff             |       |       |     8 |     3 ||    11
Throw: Dart              |     3 |     1 |       |       ||     4
 Cast: Magic Dart        |    96 |   204 |   451 |    68 ||   819
       Mephitic Cloud    |       |     7 |    15 |     6 ||    28
       Blink             |       |     1 |     5 |     3 ||     9
       Conjure Flame     |       |       |     6 |       ||     6
       Call Imp          |       |       |     7 |     3 ||    10
       Foxfire           |       |       |     1 |     1 ||     2
       Ignite Poison     |       |       |       |     1 ||     1
 Abil: Breathe Noxious F |       |       |     9 |     3 ||    12
  Use: Potion            |     2 |     1 |       |     3 ||     6
       Scroll            |     2 |       |     4 |     1 ||     7
 Stab: Confused          |       |     3 |       |     1 ||     4
       Sleeping          |       |     1 |       |       ||     1
  Eat: Chunk             |     4 |     9 |    13 |     3 ||    29
       Ration            |       |     1 |     3 |       ||     4
Armor: Skin              |    58 |    40 |    65 |     8 ||   171
Dodge: Dodged            |    87 |    84 |   108 |    24 ||   303

Table legend:
 A = Non-vault XP
 B = Vault XP
 C = Vault XP percentage of total XP
 D = Non-vault monster count
 E = Vault monster count
 F = Vault count percentage of total count
                 A         B        C        D         E       F
            +---------+---------+-------+---------+---------+-------
      Total |    5139 |    1661 |  24.4 |     198 |      20 |   9.2
            +---------+---------+-------+---------+---------+-------
        D:1 |      39 |      10 |  20.4 |      19 |       5 |  20.8
        D:2 |      48 |      30 |  38.5 |      18 |       8 |  30.8
        D:3 |      79 |      39 |  33.1 |      20 |       2 |   9.1
        D:4 |     432 |       0 |   0.0 |      31 |       0 |   0.0
        D:5 |     584 |       0 |   0.0 |      19 |       0 |   0.0
        D:6 |     512 |       0 |   0.0 |      26 |       0 |   0.0
        D:7 |     485 |      48 |   9.0 |      10 |       1 |   9.1
        D:8 |    1026 |       0 |   0.0 |      19 |       0 |   0.0
        D:9 |     530 |       0 |   0.0 |      10 |       0 |   0.0
       D:10 |    1404 |    1003 |  41.7 |      26 |       1 |   3.7
     Lair:1 |       0 |     531 | 100.0 |       0 |       3 | 100.0
            +---------+---------+-------+---------+---------+-------
